 Dungeon Crawl Stone Soup version 0.22.1-1-ga44c0e5 (webtiles) character file.

5087 Lilu the Destroyer (level 10, -3/56 HPs)
             Began as a Deep Elf Conjurer on Nov 10, 2018.
             Was a Priest of Vehumet.
             Slain by a yak (10 damage)
             ... on level 9 of the Dungeon on Nov 11, 2018.
             The game lasted 00:52:08 (13379 turns).

Lilu the Destroyer (Deep Elf Conjurer)             Turns: 13379, Time: 00:52:09

Health: -3/56      AC: 11    Str:  8    XL:     10   Next: 31%
Magic:  15/24      EV: 12    Int: 21    God:    Vehumet [***...]
Gold:   472        SH:  5    Dex: 15    Spells: 16/25 levels left

rFire    . . .     SeeInvis .   G - +5 falchion (freeze)
rCold    . . .     Gourm    .   q - +0 buckler
rNeg     . . .     Faith    +   E - +0 ring mail (curse)
rPois    .         Spirit   .   H - +0 helmet
rElec    .         Reflect  .   (no cloak)
rCorr    +         Harm     .   t - +0 pair of gloves
MR       +....                  k - +0 pair of boots
Stlth    +.........             y - amulet of faith
HPRegen  0.18/turn              I - +2 ring of protection
MPRegen  0.19/turn              p - ring of resist corrosion

@: no status effects
A: no striking features
a: Renounce Religion


You were on level 9 of the Dungeon.
You worshipped Vehumet.
Vehumet was most pleased with you.
You were not hungry.

You visited 3 branches of the dungeon, and saw 11 of its levels.
You also visited: Ossuary.

You collected 472 gold pieces.

Inventory:

Hand Weapons
 G - a +5 falchion of freezing (weapon)
 N - a +1 trident of venom
Missiles
 n - 139 stones (quivered)
Armour
 k - a +0 pair of boots (worn)
 q - a +0 buckler (worn)
 t - a +0 pair of gloves (worn)
 w - a +0 leather armour
 E - a cursed +0 ring mail (worn)
 H - a +0 helmet (worn)
 S - a +1 robe of magic resistance
 T - a +0 robe of magic resistance
Jewellery
 p - a ring of resist corrosion (right hand)
 y - an amulet of faith (around neck)
 I - a +2 ring of protection (left hand)
 V - an uncursed ring of flight
Wands
 o - a wand of random effects (27)
 C - a wand of digging (19)
Scrolls
 f - a scroll of fog {unknown}
 g - 8 scrolls of remove curse
 h - a scroll of fear {unknown}
 i - 7 scrolls of identify {unknown}
 u - a scroll of blinking {unknown}
 x - a scroll of enchant armour {unknown}
 z - 2 scrolls of amnesia {unknown}
 B - 4 scrolls of teleportation {unknown}
 D - 2 scrolls of magic mapping {unknown}
 F - a scroll of immolation {unknown}
 L - a scroll of enchant weapon {unknown}
 O - a scroll of random uselessness {unknown}
 P - a scroll of vulnerability {unknown}
 R - a scroll of silence {unknown}
Potions
 a - a potion of magic {unknown}
 d - a potion of cancellation {unknown}
 e - 3 potions of brilliance {unknown}
 j - 2 potions of berserk rage {unknown}
 l - 2 potions of heal wounds {unknown}
 m - 4 potions of might {unknown}
 s - 6 potions of curing
 v - 2 potions of mutation {unknown}
 J - 3 potions of ambrosia {unknown}
 K - a potion of degeneration {unknown}
 Q - 2 potions of resistance {unknown}
Miscellaneous
 U - a crystal ball of energy
Comestibles
 b - 5 chunks of flesh
 c - 8 rations


   Skills:
 * Level 4.1 Fighting
 * Level 4.1 Armour
 - Level 5.0 Dodging
 - Level 2.4 Stealth
 - Level 4.0 Shields
 - Level 8.0 Spellcasting
 + Level 11.7 Conjurations
 + Level 2.5 Fire Magic


You had 16 spell levels left.
You knew the following spells:

 Your Spells              Type           Power        Failure   Level  Hunger
a - Magic Dart            Conj           ####         1%          1    None
b - Searing Ray           Conj           ######       1%          2    None
c - Iskenderun's Mystic   Conj           ######..     1%          4    ###....
d - Throw Flame           Conj/Fire      #####.       1%          2    None

Your spell library contained the following spells:

 Spells                   Type           Power        Failure   Level  Hunger
 Stone Arrow              Conj/Erth      ####..       1%          3    None
 Dazzling Spray           Conj/Hex       ####..       1%          3    None
 Force Lance              Conj/Tloc      ####....     5%          4    ###....
 Fulminant Prism          Conj/Hex       ####......   5%          4    ###....


Dungeon Overview and Level Annotations

Branches:
Dungeon (9/15)             Temple (1/1) D:4            Lair (1/6) D:9
    Orc: D:9-12

Altars:
Ashenzari
Cheibriados
Dithmenos
Elyvilon
Fedhas
Gozag
Hepliaklqana
Kikubaaqudgha
Makhleb
Nemelex Xobeh
Okawaru
Qazlal
Ru
Sif Muna
Trog
Uskayaw
Vehumet
Wu Jian
Xom
Yredelemnul
Zin
The Shining One

Shops:
D:5 *   D:9 [

Annotations:
D:8 3 runed doors, exclusion: 3 doors, emiel's ghost, novice DrEE


Message History

The yak barely misses you. The yak gores you but does no damage.
Casting: Searing Ray (safe; 1% risk of failure)
Confirm with . or Enter, or press ? or * to list all spells.
Aiming: Searing Ray (safe; 1% risk of failure)
Press: ? - help, Shift-Dir - straight line, f/p - yak
Aim: a yak (almost dead)
The searing ray hits the yak.
The yak is almost dead. (Press . to maintain the ray.)
You block the yak's attack. The yak barely misses you. The yak gores you!
* * * LOW HITPOINT WARNING * * *
The searing ray hits the yak.
The yak is almost dead.
You block the yak's attack. x2; The yak gores you.
* * * LOW HITPOINT WARNING * * *
Okay, then.
You feel better. The yak gores you!
* * * LOW HITPOINT WARNING * * *
The yak gores you!
You die...

#))..#.#..## #...# #.#
#..#.#.#...## ###.# #.#
#.###.......#######.#######.#
#.>#........................###
###....##.....#######.##########.
#............########.# #.
#.#....##.#...........# #.
#.#.#.###.##########..# #.
#.#.#.# #..# ###@###..# #.
#<#.#.####'###.YYYY...# #.
#.#....#≈≈.≈≈#.#####.## #.
#.###..#≈#.#≈#.# #.# #. #.#
#..'.._..'.# #.# #. #.#
#.##≈#.#≈### #.# ########.
#.###.##≈≈.≈≈# #.# #........
#......###'### #.# #.######.
#####.####.# #.####.### ##.


You could see 4 yaks.

Vanquished Creatures
  A troll (D:9)
  A hornet (D:8)
  Grinder (D:5)
  A wyvern (D:9)
  A yak (D:9)
  A wraith (Ossuary)
  The ghost of Bodigarde the Chopper, an amateur HOMo of Okawaru (D:3)
  A hungry ghost (D:9)
  Menkaure (D:5)
  2 ice beasts
  2 orc warriors (D:8)
  A phantom (D:2)
  2 sky beasts (D:9)
  2 ogres
  A centaur (D:6)
  An elf zombie (D:7)
  3 bullfrogs
  An elf skeleton (D:7)
  2 scorpions
  A water moccasin skeleton (D:5)
  6 killer bees (D:7)
  5 wights
  12 howler monkeys
  4 crimson imps
  A centaur zombie (D:4)
  2 centaur skeletons
  A hound (D:7)
  2 orc priests
  2 bullfrog skeletons
  7 orc wizards
  Ijyb (D:4)
  2 human skeletons (D:7)
  2 iguanas
  9 worker ants
  2 hound zombies
  A hound skeleton (D:8)
  A mummy (Ossuary)
  7 worker ant zombies (D:4)
  Robin (D:4)
  8 adders
  4 shadow imps
  2 oozes
  2 adder zombies (D:4)
  4 adder skeletons
  A worm (D:3)
  A dart slug (D:3)
  4 leopard geckos
  31 orcs
  9 bats
  10 giant cockroaches
  12 goblins
  11 hobgoblins
  10 jackals
  6 kobolds
  4 quokkas
  3 ball pythons (D:3)
  A ball python skeleton (D:4)
  8 frilled lizards
  6 gnoll skeletons (Ossuary)
  10 kobold skeletons (Ossuary)
  A leopard gecko skeleton (D:4)
  4 leopard gecko zombies (D:4)
  11 orc skeletons
  2 quokka skeletons
  7 rats
267 creatures vanquished.

Notes
Turn   | Place    | Note
-------+----------+-------------------------------------------
     0 | D:1      | Lilu the Deep Elf Conjurer began the quest for the Orb.
     0 | D:1      | Reached XP level 1. HP: 10/10 MP: 6/6
   307 | D:1      | Reached XP level 2. HP: 15/15 MP: 5/8
   715 | D:1      | Reached skill level 5 in Conjurations
   874 | D:1      | Reached XP level 3. HP: 19/19 MP: 7/10
  1329 | D:2      | Learned a level 2 spell: Searing Ray
  1718 | D:2      | Noticed a phantom
  2052 | D:2      | Reached XP level 4. HP: 24/24 MP: 8/11
  2292 | D:3      | Found a runed gate.
  2292 | D:3      | Noticed Bodigarde's ghost (amateur HOMo)
  2620 | D:3      | Found a runed gate.
  2620 | D:3      | Found a runed gate.
  2620 | D:3      | Noticed an ice beast
  3169 | D:3      | Reached XP level 5. HP: 28/28 MP: 10/13
  3229 | D:3      | Reached skill level 1 in Shields
  3418 | D:2      | Killed a phantom
  3418 | D:2      | Reached skill level 6 in Conjurations
  3535 | D:3      | Learned a level 4 spell: Iskenderun's Mystic Blast
  3654 | D:4      | Reached XP level 6. HP: 32/32 MP: 8/14
  3865 | D:4      | Found a sacrificial altar of Ru.
  4445 | D:4      | Reached skill level 5 in Spellcasting
  4692 | D:4      | Found a staircase to the Ecumenical Temple.
  4699 | Temple   | Entered the Ecumenical Temple
  5035 | D:4      | Noticed Ijyb
  5052 | D:4      | Killed Ijyb
  5313 | D:4      | Reached skill level 7 in Conjurations
  5489 | D:4      | Reached XP level 7. HP: 36/36 MP: 12/16
  5495 | D:4      | Noticed Robin
  5506 | D:4      | Killed Robin
  6143 | D:5      | Entered Level 5 of the Dungeon
  6168 | D:5      | Found a radiant altar of Vehumet.
  6172 | D:5      | Became a worshipper of Vehumet
  6383 | D:5      | Found Zin's Purification Station.
  6383 | D:5      | Found a glowing silver altar of Zin.
  6561 | D:5      | Noticed Grinder
  6884 | D:5      | Noticed Menkaure
  7098 | D:5      | Killed Menkaure
  7098 | D:5      | Reached skill level 8 in Conjurations
  7153 | D:5      | Reached XP level 8. HP: 35/41 MP: 11/19
  7944 | D:6      | Found a glowing golden altar of the Shining One.
  8236 | D:6      | Reached skill level 5 in Dodging
  8720 | D:6      | Reached skill level 9 in Conjurations
  9105 | D:7      | Found a sand-covered staircase.
  9177 | Ossuary  | Entered an ossuary
  9244 | Ossuary  | Reached * piety under Vehumet
  9244 | Ossuary  | Offered knowledge of Sting by Vehumet.
  9382 | Ossuary  | Reached skill level 10 in Conjurations
  9382 | Ossuary  | Reached XP level 9. HP: 28/45 MP: 14/23
  9919 | D:7      | Found a sparkling altar of Nemelex Xobeh.
 10013 | D:7      | Offered knowledge of Shock by Vehumet.
 10018 | D:7      | Reached ** piety under Vehumet
 10020 | D:7      | Reached skill level 1 in Fighting
 10020 | D:7      | Reached skill level 1 in Armour
 10393 | D:5      | Paralysed by Grinder for 6 turns
 10408 | D:5      | Killed Grinder
 10681 | D:3      | Killed Bodigarde's ghost
 10872 | D:7      | Reached skill level 11 in Conjurations
 11464 | D:8      | Found a runed gate.
 11464 | D:8      | Found a runed gate.
 11464 | D:8      | Found a runed gate.
 11466 | D:8      | Noticed emiel's ghost (novice DrEE)
 11467 | D:8      | Noticed a queen bee
 11487 | D:8      | Noticed a fire crab
 11487 | D:8      | a queen bee changed into a fire crab
 11495 | D:8      | Noticed a yaktaur
 11498 | D:8      | Noticed a jumping spider
 11498 | D:8      | a yaktaur changed into a jumping spider
 11634 | D:8      | Noticed a queen bee
 11681 | D:8      | Offered knowledge of Throw Flame by Vehumet.
 11685 | D:8      | Learned a level 2 spell: Throw Flame
 11785 | D:8      | Reached skill level 1 in Fire Magic
 11788 | D:8      | Found a burning altar of Makhleb.
 12201 | D:8      | Reached *** piety under Vehumet
 12372 | D:9      | Reached XP level 10. HP: 53/56 MP: 18/24
 12666 | D:9      | Offered knowledge of Stone Arrow by Vehumet.
 12828 | D:9      | Found an ornate altar of the Wu Jian Council.
 12873 | D:9      | Found Toogontobu's Armour Shop.
 13220 | D:9      | Found a staircase to the Lair.
 13357 | Lair:1   | Entered Level 1 of the Lair of Beasts
 13379 | D:9      | Slain by a yak

Skill      XL: |  1  2  3  4  5  6  7  8  9 10 |
---------------+-------------------------------+-----
Conjurations   | 5 6 7 8 10 11 | 11.7
Dodging        | 3 4 5 |  5.0
Spellcasting   | 4 5 6 8 |  8.0
Shields        | 1 2 3 4 |  4.0
Fighting       | 3 4 |  4.1
Armour         | 3 4 |  4.1
Fire Magic     | 1 2 |  2.5
Stealth        | |  2.4

Action                   |  1- 3 |  4- 6 |  7- 9 | 10-12 || total
-------------------------+-------+-------+-------+-------++-------
Melee: Long sword        |       |    67 |    13 |       ||    80
       Flail             |       |     2 |       |       ||     2
       Falchion          |       |       |   169 |    48 ||   217
 Cast: Magic Dart        |    80 |    73 |   111 |     2 ||   266
       Searing Ray       |     2 |    18 |    62 |    12 ||    94
  Use: Scroll            |       |     1 |     1 |       ||     2
       Potion            |       |       |     3 |     1 ||     4
 Stab: Sleeping          |       |     2 |       |     1 ||     3
  Eat: Chunk             |     3 |    11 |    12 |     4 ||    30
       Ration            |       |       |     3 |       ||     3
Armor: Robe              |     3 |     2 |       |       ||     5
       Leather armour    |       |    20 |     3 |       ||    23
       Ring mail         |       |       |    98 |    39 ||   137
Dodge: Dodged            |    13 |    75 |   182 |    51 ||   321
Block: Buckler           |     2 |    25 |    71 |    21 ||   119
       Rpst.: Long sword |       |    25 |    10 |       ||    35
       Falchion          |       |       |    49 |    13 ||    62
